 Dungeon Crawl Stone Soup version 0.18-a0-327-gb1de508 (webtiles) character file.

18 Duffy the Gusty (level 2, 15/15 HPs)
             Began as a Tengu Air Elementalist on Nov 27, 2015.
             Quit the game on level 1 of the Dungeon.
             The game lasted 00:01:13 (980 turns).

Duffy the Gusty (Tengu Air Elementalist)             Turns: 980, Time: 00:01:14

Health: 15/15      AC:  2    Str:  8    XL:     2   Next: 70%
Magic:  6/6        EV: 12    Int: 15    God:
Gold:   29         SH:  0    Dex: 14    Spells: 0 memorised, 6 levels left

rFire  . . .     SeeInvis .     l - +2 dagger (elec)
rCold  . . .     Clarity  .     a - +0 robe
rNeg   . . .     SustAt   .     (no shield)
rPois  .         Gourm    .     (helmet restricted)
rElec  .         Spirit   .     (no cloak)
rCorr  .         Warding  .     (no gloves)
rMut   .         Stasis   .     (boots unavailable)
MR     .....                    (no amulet)
Stlth  ++........               (no ring)
                                (no ring)

@: not resistant to hostile enchantments, unstealthy
A: beak, talons 3
a: no special abilities


You were on level 1 of the Dungeon.
You were not hungry.

You visited 1 branch of the dungeon, and saw 1 of its levels.

You collected 29 gold pieces.


Innate Abilities, Weirdness & Mutations

You have a beak for a mouth.
You have claws for feet.


   Skills:
 - Level 2.1 Dodging
 - Level 2.0 Stealth
 + Level 2.6 Spellcasting
   Level 2.4 Conjurations
   Level 4.0 Air Magic


You had 6 spell levels left.
You didn't know any spells.

Inventory:

Hand Weapons
 l - a +2 dagger of electrocution (weapon)
Missiles
 g - 14 poisoned needles
Armour
 a - a +0 robe (worn)
Scrolls
 d - a scroll of identify {unknown}
 e - a scroll of enchant weapon {unknown}
 h - 2 scrolls of remove curse {unknown}
 k - 3 scrolls of amnesia
 n - a scroll of blinking {unknown}
Potions
 i - a potion of flight {unknown}
 j - a potion of resistance {unknown}
Books
 b - a book of Air
Comestibles
 c - a bread ration
 f - 4 fruits
 m - a meat ration

Dungeon Overview and Level Annotations

Branches:
Dungeon (1/15)

Altars:


Message History

You barely miss the giant cockroach.
The giant cockroach is lightly wounded.
The giant cockroach closely misses you.
The giant cockroach bites you but does no damage.
You hit the giant cockroach.
The giant cockroach is severely wounded.
The giant cockroach bites you but does no damage.
You hit the giant cockroach but do no damage.
There is a sudden explosion of sparks!
You kill the giant cockroach!
No target in view!
n - a scroll labeled AMYORCH ENKEU A bat comes into view.
The bat barely misses you.
You hit the bat. You claw the bat.
You kill the bat!
No target in view!
No target in view!
Found 19 stones.
No target in view!
No target in view!
There is an open door here.
Done exploring.
Done exploring.
Search for what [? for help]? .
Read which item? (? for menu, Esc to quit)
Okay, then.
Read which item? (? for menu, Esc to quit)
As you read the scroll labeled PESTRU DOASUPP, it crumbles to dust.
Forget which spell ([?*] list [ESC] exit)?
Your memory of Shock unravels.
It was a scroll of amnesia.
You stop training Conjurations.
Are you sure you want to abandon this character and quit the game? (Confirm with "yes".)
Okay, then.
Are you sure you want to abandon this character and quit the game? (Confirm with "yes".)

#####......# #.#.#.#.#.#.....
###...###...## #.#.#...#.#.####
#...#..##...# #.#.#####.#.#...
##.#....##...# #>#.......#.#.#.
#....#..##...####.#######.#.#.#.
#..#......................#.#.#.
#....#.##########.#######.#.#.#.
#..#...#### #.#.#.......#.#.#.
#....#....#####@#.#####.#.#.#.#.
#..#............#.#...#.#.#...#.
#....#....#######.#.#.#.#.#####.
#..#..............#.#<#.#.#.....
#....#.##########.#.###.#.#.####
#..........# #.#.....#.......
#..........# #.#######.######
#..........# #...............
#..........# #######.........


There were no monsters in sight!

Action                   || total
-------------------------++-------
Melee: Dagger            ||    22
 Cast: Shock             ||    15
  Use: Scroll            ||     1

Notes
Turn   | Place    | Note
--------------------------------------------------------------
     0 | D:1      | Duffy the Tengu Air Elementalist began the quest for the Orb.
     0 | D:1      | Reached XP level 1. HP: 10/10 MP: 4/4
   584 | D:1      | Reached skill level 2 in Conjurations
   607 | D:1      | Reached XP level 2. HP: 15/15 MP: 4/6
   980 | D:1      | Quit the game

Vault maps used:
D:1:      matt_arrival_spirals, minmay_crystal_room, minmay_misc_feat_pillars,
          serial_bayou_pond_b

Vanquished Creatures
  A giant cockroach
  7 goblins
  A hobgoblin
  A kobold
  5 bats
  3 rats
18 creatures vanquished.
